 Dungeon Crawl Stone Soup version 0.29.1-15-g9cfb28693d (webtiles) character file.

Game seed: 11631916863449088845

309 101zpm the Magician (level 6, -5/40 HPs)
             Began as a Djinni Fire Elementalist on Mar 7, 2023.
             Slain by Crazy Yiuf
             ... wielding a +3 quarterstaff of chaos
              (15 damage)
             ... on level 3 of the Dungeon.
             The game lasted 00:11:18 (5981 turns).

101zpm the Magician (Djinni Fire Elementalist)      Turns: 5981, Time: 00:11:19

Health: -5/40      AC:  2    Str:  7    XL:     6   Next: 69%
Gold:   117        EV: 12    Int: 18    God:
                   SH:  0    Dex: 14

rFire   + + .      SeeInvis .   e - staff of death
rCold   x . .      Faith    .   (no shield)
rNeg    + . .      Spirit   .   a - +0 robe
rPois   ∞          Reflect  .   (no helmet)
rElec   .          Harm     .   (no cloak)
rCorr   .          Rampage  .   (no gloves)
Will    .....                   (boots unavailable)
Stlth   ++........              (no amulet)
HPRegen 0.13/turn               (no ring)
MPRegen 0.00/turn               (no ring)

@: wereblooded, flying
A: sickness immunity, fire resistance 2, cold vulnerability 1, float, innate
caster, HP casting, extra vitality 1
a: no special abilities


You were on level 3 of the Dungeon.
You visited 1 branch of the dungeon, and saw 4 of its levels.

You collected 117 gold pieces.

Inventory:

Hand Weapons
 b - a +4 spear
Missiles
 f - 2 throwing nets
Armour
 a - a +0 robe (worn)
Magical Staves
 e - a staff of death (weapon)
Wands
 i - a wand of digging (5)
Scrolls
 c - a scroll of enchant armour {unknown}
 g - 2 scrolls of identify {unknown}
 h - a scroll of immolation {unknown}
 k - a scroll of blinking {unknown}
 l - 3 scrolls of enchant weapon {unknown}
 n - a scroll of magic mapping {unknown}
Potions
 d - a potion of flight
 j - 2 potions of brilliance {unknown}
 m - a potion of heal wounds {unknown}
 o - a potion of mutation {unknown}


   Skills:
 + Level 0.2 Polearms
 + Level 2.6 Dodging
 + Level 2.4 Stealth
 + Level 5.0 Spellcasting


You couldn't memorise any spells.
You knew the following spells:

 Your Spells              Type           Power      Damage    Failure   Level
a - Foxfire               Conj/Fire      88%        2x1d8     1%          1
b - Scorch                Fire           44%        2d7       2%          2
c - Conjure Flame         Conj/Fire      22%        6-21      4%          3
d - Inner Flame           Hex/Fire       22%        N/A       4%          3
e - Flame Wave            Conj/Fire      22%        2d8       17%         4
f - Sting                 Tmut/Pois      88%        1d7       1%          1
g - Wereblood             Tmut           22%        N/A       2%          2
Your spell library was empty.

Dungeon Overview and Level Annotations

Branches:
Dungeon (4/15)
 Temple: D:4-7

Altars:

Annotations:
D:3 Crazy Yiuf


Innate Abilities, Weirdness & Mutations

You are immune to sickness and miasma.
You are immune to poison.
Your flesh is very heat resistant. (rF++)
You are vulnerable to cold. (rC-)
You float through the air rather than walking.
You learn spells naturally, not from books.
Your magical power is your life essence.
You have superior vitality. (+4 MHP)


Message History

Search for what [Enter for "."]? .
Search for what [Enter for "."]? arte You see here a +0 dagger.
There is a stone staircase leading down here.
You fly downwards.
Level annotation: 1 runed translucent door, Crazy Yiuf
There is a stone staircase leading up here.
There is an escape hatch in the ceiling here.
Crazy Yiuf shouts!
Casting: Foxfire (safe; 1% risk of failure)
Confirm with . or Enter, or press ? or * to list all spells.
Okay, then.
Casting: Foxfire (safe; 1% risk of failure)
Confirm with . or Enter, or press ? or * to list all spells.
Your blood is infused with primal strength.
Casting: Wereblood (safe; 2% risk of failure)
Confirm with . or Enter, or press ? or * to list all spells.
The fire begins to smoulder!
You reach down and open the door.
You smother the flame.
Casting: Conjure Flame (dangerous; 4% risk of failure)
Confirm with . or Enter, or press ? or * to list all spells.
Aiming: Inner Flame (dangerous; 4% risk of failure)
Press: ? - help, Dir - move target, f - Crazy Yiuf
Aim: Crazy Yiuf, wielding a +3 quarterstaff of chaos and wearing a +0 cloak (chance to affect: 84%) Crazy Yiuf is filled with an inner flame.
Crazy Yiuf yells, "Adder Xom head!"
Crazy Yiuf barely misses you. Crazy Yiuf attacks as you move away!
Crazy Yiuf hits you with a +3 quarterstaff of chaos!
Crazy Yiuf attacks as you move away!
Crazy Yiuf hits you with a +3 quarterstaff of chaos!
* * * LOW HITPOINT WARNING * * *
Okay, then.
It was a potion of flight.
You feel more buoyant. Crazy Yiuf barely misses you.
Crazy Yiuf says, "Crazy?
Crazy!?
PORCUPINE!"
Crazy Yiuf attacks as you move away!
Crazy Yiuf hits you with a +3 quarterstaff of chaos!
You die...

#...)) #.##.#
####### #.##..
#.....##### #.####
#.........####.####
#+..+####..<.......
#....# #.####.####
♣....♣ #....#.####
♣.@.♣♣ #.##......#
♣♣g♣♣ #.##.......
♣.♣♣ #^##.#.##..
♣♣.♣ #......##..
♣.♣♣ ####.##....
♣♣.♣ ####.##.##.
#'# #..#.##.##. ...
#..#....>.. #...#
#..####.###


You could see Crazy Yiuf (inner flame).

Vanquished Creatures
  An ice beast (D:4)
  Jessica (D:2)
  2 orc wizards (D:4)
  3 gnolls (D:3)
  5 adders
  3 dart slugs
  5 orcs
  7 bats
  5 endoplasms
  A giant cockroach (D:1)
  5 goblins
  5 hobgoblins
  7 jackals
  6 kobolds
  A quokka (D:1)
  3 ball pythons
  4 frilled lizards
  3 rats
67 creatures vanquished.

Vanquished Creatures (collateral kills)
  A foxfire (D:1)
1 creature vanquished.

Vanquished Creatures (others)
  147 foxfires
147 creatures vanquished.

Grand Total: 215 creatures vanquished

Notes
Turn   | Place    | Note
-------+----------+-------------------------------------------
     0 | D:1      | 101zpm the Djinni Fire Elementalist began the quest for the
                  | Orb.
     0 | D:1      | 101zpm set off with the following spells memorised:
                  | Foxfire, Scorch, Conjure Flame, Inner Flame, Flame Wave.
     0 | D:1      | Reached XP level 1. HP: 15/15 MP: 0/0
     6 | D:1      | Noticed a swamp drake
     6 | D:1      | Noticed a komodo dragon
     6 | D:1      | Noticed a polar bear
     7 | D:1      | Noticed a black mamba
     7 | D:1      | Noticed a lindwurm
   382 | D:2      | Reached XP level 2. HP: 2/21 MP: 0/0
   762 | D:2      | Reached skill level 3 in Spellcasting
   762 | D:2      | Reached XP level 3. HP: 20/25 MP: 0/0
   762 | D:2      | Learned a level 1 spell: Sting
   901 | D:4      | Reached XP level 4. HP: 23/31 MP: 0/0
  1591 | D:3      | Found a faded altar of an unknown god.
  1623 | D:3      | Reached XP level 5. HP: 30/35 MP: 0/0
  1623 | D:3      | Learned a level 2 spell: Wereblood
  1829 | D:3      | Found a runed translucent door.
  1830 | D:3      | Noticed Crazy Yiuf
  2124 | D:3      | Reached skill level 4 in Spellcasting
  2710 | D:2      | Noticed Jessica
  3007 | D:2      | Killed Jessica
  4085 | D:4      | Noticed an ice beast
  4088 | D:4      | Reached XP level 6. HP: 27/40 MP: 0/0
  4090 | D:4      | Killed an ice beast
  5322 | D:1      | Reached skill level 5 in Spellcasting
  5981 | D:3      | Slain by Crazy Yiuf

Illustrated notes

Levels and vault maps discovered:
D:1:      onia_arrival_zoo_common, layout_loops_ring, minmay_misc_feat_plants
D:2:      layout_basic, grunt_decor_resistance, chequers_hall_statues_wall_a,
          uniq_jessica
D:3:      layout_loops_cross, chequers_ecumenical_altar_simple,
          uniq_crazy_yiuf_cottage
D:4:      layout_basic, yredelemnul_altar_generic

Skill      XL: |  1  2  3  4  5  6 |
---------------+-------------------+-----
Spellcasting   | 3 4 5 |  5.0
Stealth        | 2 |  2.4
Polearms       | |  0.2
Dodging        | |  2.6

Action                   |  1- 3 |  4- 6 || total
-------------------------+-------+-------++-------
Melee: Spear             |     8 |       ||     8
 Cast: Foxfire           |    25 |    68 ||    93
       Inner Flame       |     1 |    46 ||    47
       Scorch            |       |    37 ||    37
       Wereblood         |       |     2 ||     2
       Conjure Flame     |       |     1 ||     1
  Use: Potion            |       |     1 ||     1
 Stab: Sleeping          |     1 |       ||     1
Armor: Robe              |       |     2 ||     2
Dodge: Dodged            |     1 |     6 ||     7
